 Dungeon Crawl Stone Soup version 0.23.2-40-g277498a001 (webtiles) character file.

Game seed: 8428492833497406125

99 Curus the Cudgeler (level 4, -3/39 HPs)
             Began as a Minotaur Fighter on Oct 18, 2019.
             Was an Initiate of Okawaru.
             Slain by a gnoll
             ... wielding a +0 halberd
              (4 damage)
             ... on level 3 of the Dungeon.
             The game lasted 00:05:27 (1120 turns).

Curus the Cudgeler (Minotaur Fighter)               Turns: 1120, Time: 00:05:27

Health: -3/39      AC:  6    Str: 20    XL:     4   Next: 45%
Magic:  3/3        EV:  7    Int:  6    God:    Okawaru [......]
Gold:   62         SH:  9    Dex: 10    Spells: 3/3 levels left

rFire    . . .     SeeInvis .   a - +0 flail
rCold    . . .     Gourm    .   c - +0 shield
rNeg     + . .     Faith    .   b - +0 scale mail
rPois    .         Spirit   .   (helmet restricted)
rElec    .         Reflect  .   (no cloak)
rCorr    .         Harm     .   (no gloves)
MR       .....                  (no boots)
Stlth    ..........             (no amulet)
HPRegen  0.13/turn              j - ring of positive energy
MPRegen  0.08/turn              (no ring)

@: no status effects
A: retaliatory headbutt, horns 2
a: Renounce Religion


You were on level 3 of the Dungeon.
You worshipped Okawaru.
Okawaru was noncommittal.
You were not hungry.

You visited 1 branch of the dungeon, and saw 3 of its levels.

You collected 62 gold pieces.

Inventory:

Hand Weapons
 a - a +0 flail (weapon)
Armour
 b - a +0 scale mail (worn)
 c - a +0 shield (worn)
Jewellery
 j - a ring of positive energy (left hand)
Scrolls
 e - 2 scrolls of remove curse
 g - a scroll of amnesia
 i - 2 scrolls of teleportation
 k - a scroll of fog
Potions
 d - a potion of might
 h - a potion of cancellation
Comestibles
 f - 3 rations


   Skills:
 - Level 3.6 Fighting
 + Level 5.8 Maces & Flails
 - Level 3.6 Armour
 - Level 3.6 Shields


You had 3 spell levels left.
You didn't know any spells.
Your spell library was empty.

Dungeon Overview and Level Annotations

Branches:
Dungeon (3/15)

Altars:
Cheibriados
Hepliaklqana
Kikubaaqudgha
Okawaru
Vehumet


Innate Abilities, Weirdness & Mutations

You reflexively headbutt those who attack you in melee.
You have a pair of horns on your head.


Message History

The adder bites you but does no damage.
You miss the adder. You headbutt the adder.
You kill the adder!
Okawaru accepts your kill.
You closely miss the gnoll. The gnoll closely misses you.
The gnoll hits you but does no damage.
You hit the gnoll but do no damage. The gnoll hits you but does no damage.
You block the gnoll's attack.
You hit the gnoll.
You headbutt the gnoll, but do no damage.
The gnoll is moderately wounded.
The gnoll hits you with a +0 club!
* * * LOW HITPOINT WARNING * * *
The gnoll barely misses you.
Your shield and scale mail prevent you from hitting the gnoll.
The gnoll is moderately wounded.
The gnoll hits you with a +0 club.
* * * LOW HITPOINT WARNING * * *
The gnoll hits you from afar with a +0 halberd.
You die...

### ... ..#
####################...#
..............>.@gg)...#
####################.###
#


You could see 2 gnolls.

Vanquished Creatures
  2 gnolls (D:3)
  3 adders
  An adder skeleton (D:2)
  2 worms (D:2)
  A leopard gecko (D:1)
  A ball python (D:2)
  A giant cockroach (D:2)
  5 goblins
  6 hobgoblins
  4 jackals (D:2)
  7 bats
  4 frilled lizards
  A kobold (D:1)
  7 rats
45 creatures vanquished.

Notes
Turn   | Place    | Note
-------+----------+-------------------------------------------
     0 | D:1      | Curus the Minotaur Fighter began the quest for the Orb.
     0 | D:1      | Reached XP level 1. HP: 19/19 MP: 0/0
    30 | D:1      | Reached skill level 3 in Maces & Flails
    42 | D:1      | Reached XP level 2. HP: 26/26 MP: 1/1
   364 | D:1      | Reached skill level 4 in Maces & Flails
   587 | D:2      | Found an ancient bone altar of Kikubaaqudgha.
   588 | D:2      | Found an iron altar of Okawaru.
   597 | D:2      | Became a worshipper of Warmaster Okawaru
   670 | D:2      | Reached XP level 3. HP: 25/31 MP: 2/2
   789 | D:2      | Found a hazy altar of Hepliaklqana.
   790 | D:2      | Found a snail-covered altar of Cheibriados.
   899 | D:2      | Reached skill level 5 in Maces & Flails
  1013 | D:3      | Found a radiant altar of Vehumet.
  1045 | D:3      | Reached XP level 4. HP: 30/39 MP: 3/3
  1120 | D:3      | HP: 1/39 [gnoll/+0 club (5)]
  1120 | D:3      | Slain by a gnoll

Skill      XL: |  1  2  3 |
---------------+----------+-----
Maces & Flails | 3 4 5 |  5.8
Fighting       | |  3.6
Armour         | |  3.6
Shields        | |  3.6

Action                   |  1- 3 |  4- 6 || total
-------------------------+-------+-------++-------
Melee: Flail             |   109 |    18 ||   127
       Headbutt          |    10 |     3 ||    13
  Use: Scroll            |     7 |       ||     7
       Potion            |     5 |       ||     5
  Eat: Chunk             |     1 |       ||     1
Armor: Scale mail        |    48 |     7 ||    55
Dodge: Dodged            |    27 |     8 ||    35
Block: Shield            |    47 |    14 ||    61
